 Dungeon Crawl Stone Soup version 0.21.1-1-g345015f (webtiles) character file.

33105 sking99 the Grappler (level 13, -7/127 HPs)
             Began as a Troll Monk on July 1, 2018.
             Mangled by an azure jelly (16 damage)
             ... on level 1 of the Pits of Slime.
             The game lasted 00:41:43 (14025 turns).

sking99 the Grappler (Troll Monk)                  Turns: 14025, Time: 00:41:44

Health: -7/127     AC:  3    Str: 22    XL:     13   Next: 35%
Magic:  12/21      EV: 16    Int:  9    God:
Gold:   1017       SH:  9    Dex: 16    Spells: 12/12 levels left

rFire    . . .     SeeInvis .     - Unarmed
rCold    . . .     Gourm    +   k - -2 shield
rNeg     . . .     Faith    .   E - +1 robe
rPois    +         Spirit   .   y - +2 hat {Int+3}
rElec    .         Reflect  .   s - +2 cloak {rPois}
rCorr    .         Harm     .   (gloves unavailable)
MR       .....                  (boots unavailable)
Stlth    ++........             (no amulet)
HPRegen  0.71/turn              v - +3 ring of protection
MPRegen  0.17/turn              H - ring of magical power

@: corroded, hasted, very quick
A: large, unfitting armour, claws 3, fast metabolism 3, gourmand, regeneration
1, shaggy fur 1, tough skin 2
a: no special abilities


You were on level 1 of the Pits of Slime.
You were completely stuffed.

You visited 4 branches of the dungeon, and saw 19 of its levels.
You also visited: Labyrinth and Ossuary.

You collected 1017 gold pieces.

Inventory:

Hand Weapons
 a - a +4 scimitar of flaming
 I - a +0 hunting sling
Missiles
 F - 4 large rocks (quivered)
Armour
 k - a -2 shield (worn)
 s - a +2 cloak of poison resistance (worn)
 y - a +2 hat of intelligence (worn)
 E - a +1 robe (worn)
Magical Staves
 L - an uncursed staff of wizardry
Jewellery
 v - a +3 ring of protection (left claw)
 x - an uncursed ring of ice
 H - a ring of magical power (right claw)
Wands
 z - a wand of acid (20)
 B - a wand of polymorph (10)
 O - a wand of digging (16)
 P - a wand of disintegration (9)
Scrolls
 g - 8 scrolls of remove curse
 h - 5 scrolls of amnesia
 m - 3 scrolls of enchant weapon
 n - 3 scrolls of enchant armour
 r - 2 scrolls of blinking
 t - 3 scrolls of teleportation
 u - 4 scrolls of immolation
 R - 2 scrolls of identify
Potions
 c - 2 potions of mutation
 d - 6 potions of curing
 e - 4 potions of flight
 f - 5 potions of brilliance
 i - 2 potions of haste
 j - 2 potions of degeneration
 l - 2 potions of might
 o - 3 potions of heal wounds
 p - a potion of lignification
 q - a potion of ambrosia
 w - a potion of invisibility
 G - a potion of magic
Books
 A - a book of Frost

   Spells                             Type                      Level
   a - Freeze                         Ice                          1
   b - Throw Frost                    Conjuration/Ice              2
   c - Ozocubu's Armour               Charms/Ice                   3
   d - Throw Icicle                   Conjuration/Ice              4
   e - Summon Ice Beast               Ice/Summoning                4
 C - a book of Geomancy

   Spells                             Type                      Level
   a - Sandblast                      Earth                        1
   b - Passwall                       Transmutation/Earth          2
   c - Stone Arrow                    Conjuration/Earth            3
   d - Petrify                        Transmutation/Earth          4
   e - Lee's Rapid Deconstruction     Earth                        5
 D - a book of Air

   Spells                             Type                      Level
   a - Shock                          Conjuration/Air              1
   b - Swiftness                      Charms/Air                   2
   c - Static Discharge               Conjuration/Air              3
   d - Airstrike                      Air                          4
   e - Lightning Bolt                 Conjuration/Air              5
 J - a book of Geomancy

   Spells                             Type                      Level
   a - Sandblast                      Earth                        1
   b - Passwall                       Transmutation/Earth          2
   c - Stone Arrow                    Conjuration/Earth            3
   d - Petrify                        Transmutation/Earth          4
   e - Lee's Rapid Deconstruction     Earth                        5
 M - a book of Battle

   Spells                             Type                      Level
   a - Infusion                       Charms                       1
   b - Shroud of Golubria             Charms/Translocation         2
   c - Song of Slaying                Charms                       2
   d - Spectral Weapon                Hexes/Charms                 3
   e - Regeneration                   Charms/Necromancy            3
 Q - a book of Ice

   Spells                             Type                      Level
   a - Ice Form                       Ice/Transmutation            4
   b - Metabolic Englaciation         Hexes/Ice                    5
   c - Ozocubu's Refrigeration        Ice                          6
   d - Bolt of Cold                   Conjuration/Ice              6
   e - Freezing Cloud                 Conjuration/Ice/Air          6
   f - Simulacrum                     Ice/Necromancy               6
Miscellaneous
 K - a fan of gales
Comestibles
 b - 28 rations
 N - a chunk of flesh


   Skills:
 - Level 7.7 Fighting
 + Level 8.6 Armour
 + Level 9.0 Dodging
 - Level 1.0 Stealth
 - Level 9.0 Shields
 - Level 12.3 Unarmed Combat


You had 12 spell levels left.
You didn't know any spells.

Dungeon Overview and Level Annotations

Branches:
Dungeon (11/15)            Temple (1/1) D:6            Lair (6/6) D:11
  Slime (1/5) Lair:6          Orc (0/2) D:9
  Swamp: Lair:2-4    Shoals: Lair:2-4     Snake: Lair:2-4    Spider: Lair:2-4

Altars:
Ashenzari
Cheibriados
Dithmenos
Elyvilon
Fedhas
Gozag
Hepliaklqana
Kikubaaqudgha
Makhleb
Nemelex Xobeh
Okawaru
Qazlal
Ru
Sif Muna
Trog
Uskayaw
Vehumet
Wu Jian
Xom
Yredelemnul
Zin
The Shining One

Shops:
D:10 (   D:11 }


Innate Abilities, Weirdness & Mutations

You are too large for most types of armour.
You have claws for hands.
Your metabolism is lightning-fast.
You like to eat raw meat.
Your natural rate of healing is unusually fast.
You are covered in fur. (AC +1)
You have very tough skin. (AC +2)


Message History

The slime creature quivers.
The acid blob spits acid at you. The splash of acid hits you!
The acid corrodes you!
You are splashed with acid!
The acid burns!
* * * LOW HITPOINT WARNING * * *
The eye of draining gazes at you.
You feel your power leaking away.
An acid blob and a shining eye come into view.
The shining eye turns its gaze towards you.
The acid blob quivers.
You claw the azure jelly!
The azure jelly is lightly wounded.
The azure jelly hits you.
* * * LOW HITPOINT WARNING * * *
The azure jelly freezes you!
* * * LOW HITPOINT WARNING * * *
The azure jelly hits you!
* * * LOW HITPOINT WARNING * * *
The azure jelly freezes you!
You die...

##..J .### .##.#..
##...## ......
......# .##...J
#....#
.......##....##
.##.........#.##
...............#
.##.#..........#
#......@...##
#...#.JJJJ.# .
#...#.......##....
##.##.....<...G...
###....J..J......
.........G......
..........J......
.................
.#...............


You could see 3 acid blobs, an azure jelly, a large slime creature, 3 slime
creatures and an eye of draining.

Vanquished Creatures
  Gastronok (D:8)
  The ghost of emiel the Carver, a journeyman NaFi of Okawaru (Lair:5)
  A minotaur (Lab)
  A hydra (Lair:4)
  Erica (D:10)
  4 two-headed ogres
  The ghost of Vno the Cleaver, a novice MiBe of Trog (D:9)
  Pikel (D:5)
  A cyclops (D:11)
  Joseph (D:10)
  7 elephants (Lair:4)
  2 black mambas
  A torpor snail (Lair:5)
  6 spiny frogs
  A komodo dragon (Lair:2)
  3 trolls
  5 hornets
  4 blink frogs
  3 polar bears (Lair:6)
  3 slime creatures (Lair:6)
  14 spriggans
  A shadow (D:11)
  Eustachio (D:4)
  3 wyverns
  A basilisk (Lair:4)
  16 yaks
  5 hungry ghosts
  3 water moccasins
  4 orc warriors
  6 porcupines
  4 slaves
  A phantom (D:11)
  5 black bears
  A hornet zombie (D:9)
  3 ice beasts
  3 sky beasts
  A necrophage (D:9)
  4 ogres
  3 boggarts (Lair:6)
  7 crocodiles
  16 wolves
  4 centaurs
  8 bullfrogs
  A wyvern skeleton (D:11)
  5 scorpions
  14 killer bees
  3 howler monkeys
  3 electric eels (D:9)
  A centaur zombie (D:5)
  5 crimson imps
  Crazy Yiuf (D:3)
  A bullfrog zombie (D:9)
  2 bullfrog skeletons
  A centaur skeleton (D:9)
  7 hounds
  2 jellies
  3 orc priests
  Jessica (D:3)
  An iguana (D:8)
  8 orc wizards
  10 worker ants
  A killer bee zombie (D:8)
  2 big kobold zombies (Ossuary)
  2 hound zombies (Ossuary)
  5 mummies
  A howler monkey zombie (D:6)
  2 worker ant zombies
  9 gnolls
  11 adders
  2 shadow imps
  3 adder skeletons
  2 adder zombies (Ossuary)
  4 worms
  A dart slug (D:2)
  10 leopard geckos
  33 orcs
  2 ball pythons
  6 bats
  4 giant cockroaches
  6 goblins
  8 hobgoblins
  6 jackals
  5 quokkas
  4 frilled lizards
  2 hobgoblin zombies (Ossuary)
  A jackal skeleton (D:6)
  A jackal zombie (Ossuary)
  6 kobolds
  2 kobold zombies (Ossuary)
  A quokka skeleton (D:6)
  5 rats
  A rat zombie (Ossuary)
379 creatures vanquished.

Vanquished Creatures (others)
  A bush (Lair:6)
  34 fungi
  21 plants
56 creatures vanquished.

Grand Total: 435 creatures vanquished

Notes
Turn   | Place    | Note
-------+----------+-------------------------------------------
     0 | D:1      | sking99 the Troll Monk began the quest for the Orb.
     0 | D:1      | Reached XP level 1. HP: 22/22 MP: 0/0
   146 | D:1      | Reached XP level 2. HP: 29/29 MP: 1/1
   557 | D:2      | Noticed a howler monkey
   563 | D:2      | Killed a howler monkey
   563 | D:2      | Reached skill level 4 in Unarmed Combat
   563 | D:2      | Reached XP level 3. HP: 34/37 MP: 2/2
   567 | D:2      | Found a sparkling altar of Nemelex Xobeh.
   808 | D:2      | Reached XP level 4. HP: 45/45 MP: 3/3
   809 | D:2      | Found a snail-covered altar of Cheibriados.
  1290 | D:3      | Reached skill level 1 in Shields
  1290 | D:3      | Reached XP level 5. HP: 53/53 MP: 4/4
  1298 | D:3      | Reached skill level 5 in Unarmed Combat
  1355 | D:3      | Found a radiant altar of Vehumet.
  1641 | D:3      | Reached XP level 6. HP: 61/61 MP: 5/5
  1662 | D:3      | Found a runed door.
  1770 | D:3      | Noticed Jessica
  1775 | D:3      | Killed Jessica
  1969 | D:3      | Noticed Crazy Yiuf
  1978 | D:3      | Killed Crazy Yiuf
  2335 | D:4      | Noticed Eustachio
  2355 | D:4      | Killed Eustachio
  2355 | D:4      | Reached skill level 6 in Unarmed Combat
  2355 | D:4      | Reached XP level 7. HP: 64/70 MP: 6/6
  3314 | D:5      | Entered Level 5 of the Dungeon
  3375 | D:5      | Reached skill level 7 in Unarmed Combat
  3406 | D:5      | Noticed Pikel
  3609 | D:5      | Killed Pikel
  3609 | D:5      | Reached skill level 8 in Unarmed Combat
  3609 | D:5      | Reached XP level 8. HP: 73/79 MP: 7/7
  3613 | D:5      | Reached skill level 5 in Fighting
  3788 | D:5      | Found a stormy altar of Qazlal.
  3965 | D:6      | Found an opulent altar of Gozag.
  4602 | D:6      | Noticed a troll
  4603 | D:6      | Noticed a two-headed ogre
  4614 | D:6      | Killed a troll
  4614 | D:6      | Reached skill level 9 in Unarmed Combat
  4614 | D:6      | Reached XP level 9. HP: 56/88 MP: 8/8
  4618 | D:6      | Killed a two-headed ogre
  4946 | D:6      | Found a staircase to the Ecumenical Temple.
  4953 | Temple   | Entered the Ecumenical Temple
  5118 | D:7      | Reached skill level 5 in Shields
  5349 | D:7      | Reached skill level 10 in Unarmed Combat
  5539 | D:7      | Found a sparkling altar of Nemelex Xobeh.
  5657 | D:8      | Found a white marble altar of Elyvilon.
  5737 | D:8      | Found a sand-covered staircase.
  5751 | Ossuary  | Entered an ossuary
  6201 | D:8      | Reached XP level 10. HP: 100/100 MP: 9/9
  6468 | D:8      | Noticed Gastronok
  6650 | D:8      | Reached skill level 11 in Unarmed Combat
  6793 | D:8      | Killed Gastronok
  6896 | D:9      | Found a deep blue altar of Sif Muna.
  6925 | D:9      | Found a staircase to the Orcish Mines.
  6965 | D:9      | Reached skill level 12 in Unarmed Combat
  7243 | D:9      | Found a glowing golden altar of the Shining One.
  7524 | D:9      | Noticed a two-headed ogre
  7527 | D:9      | Killed a two-headed ogre
  7527 | D:9      | Reached XP level 11. HP: 95/110 MP: 10/10
  7575 | D:9      | Noticed Vno's ghost (novice MiBe)
  7711 | D:9      | Killed Vno's ghost
  7711 | D:9      | Reached skill level 1 in Armour
  7840 | D:9      | Noticed a two-headed ogre
  7851 | D:9      | Killed a two-headed ogre
  8528 | D:10     | Entered Level 10 of the Dungeon
  8779 | D:10     | Noticed Joseph
  8791 | D:10     | Killed Joseph
  9161 | D:10     | Noticed Erica
  9173 | D:10     | Killed Erica
  9309 | D:10     | Found Ighopp's Weapon Emporium.
  9711 | D:11     | Found a staircase to the Lair.
  9744 | D:11     | Noticed a two-headed ogre
  9751 | D:11     | Killed a two-headed ogre
  9751 | D:11     | Reached skill level 5 in Dodging
  9838 | D:11     | Found Lirghuoto's Gadget Boutique.
  9891 | D:11     | Reached XP level 12. HP: 119/119 MP: 11/11
 10188 | Lair:1   | Entered Level 1 of the Lair of Beasts
 10460 | Lair:3   | Found a labyrinth entrance.
 10465 | Lab      | Entered a labyrinth
 10737 | Lab      | Noticed a minotaur
 10748 | Lab      | Killed a minotaur
 10748 | Lab      | Reached skill level 5 in Armour
 11480 | Lair:4   | Noticed a five-headed hydra
 11492 | Lair:4   | Killed a one-headed hydra
 12115 | Lair:5   | Noticed emiel's ghost (journeyman NaFi)
 12175 | Lair:5   | Killed emiel's ghost
 12690 | Lair:6   | Entered Level 6 of the Lair of Beasts
 13004 | Lair:6   | Reached XP level 13. HP: 75/127 MP: 12/12
 13885 | Lair:6   | Found a staircase to the Slime Pits.
 14014 | Slime:1  | Entered Level 1 of the Pits of Slime
 14014 | Slime:1  | Noticed an azure jelly
 14014 | Slime:1  | Noticed an acid blob
 14019 | Slime:1  | Noticed an acid blob
 14023 | Slime:1  | Noticed an acid blob
 14025 | Slime:1  | Mangled by an azure jelly

Skill      XL: |  1  2  3  4  5  6  7  8  9 10 11 12 13 |
---------------+----------------------------------------+-----
Fighting       | 3 4 5 6 7 |  7.7
Unarmed Combat | 4 5 6 8 9 10 12 | 12.3
Shields        | 1 2 3 4 5 6 8 9 |  9.0
Armour         | 4 7 8 |  8.6
Dodging        | 5 8 9 |  9.0
Stealth        | |  1.0

Action                   |  1- 3 |  4- 6 |  7- 9 | 10-12 | 13-15 || total
-------------------------+-------+-------+-------+-------+-------++-------
Melee: Unarmed           |    73 |   182 |   273 |   741 |   198 ||  1467
       Punch             |     2 |       |       |       |       ||     2
       Scimitar          |       |       |       |     5 |       ||     5
  Use: Scroll            |       |       |    16 |     9 |       ||    25
       Potion            |       |       |     4 |     2 |     3 ||     9
 Stab: Sleeping          |     2 |     4 |       |     5 |       ||    11
       Distracted        |       |       |       |     1 |       ||     1
  Eat: Chunk             |    13 |    14 |    35 |    66 |    10 ||   138
       Ration            |       |       |       |     2 |       ||     2
Armor: Robe              |    22 |    75 |    97 |   191 |    50 ||   435
       Skin              |       |       |     9 |       |       ||     9
Dodge: Dodged            |    29 |    81 |    97 |   282 |   115 ||   604
Block: Shield            |     7 |    55 |    96 |   315 |   102 ||   575
       Rpst.: Scimitar   |       |       |       |     1 |       ||     1
